 Dungeon Crawl Stone Soup version 0.31.0-7-gf635a9b802 (webtiles) character file.

Game seed: 8994348253316483411

2730 Skitler the Basher (level 9, -4/57 HPs)
             Began as a Gargoyle Fighter on Jan 23, 2024.
             Was an Initiate of Gozag.
             Slain by a slime creature (12 damage)
             ... on level 8 of the Dungeon.
             The game lasted 00:15:23 (7313 turns).

Skitler the Basher (Gargoyle Fighter)               Turns: 7313, Time: 00:15:24

Health: -4/57      AC: 19    Str: 40    XL:     9   Next: 67%
Magic:  9/9        EV: 10    Int:  8    God:    Gozag
Gold:   457        SH:  5    Dex:  9    Spells: 8/8 levels left

rFire   . . .        G - +6 mace "Qaevei" {vamp, rC+ Str+3 SInv}
rCold   + . .        c - +0 buckler
rNeg    + . .        i - +0 chain mail
rPois   ∞            q - +0 helmet
rElec   +            F - +0 cloak
rCorr   .            (no gloves)
SInv    +            (no boots)
Will    .....        (no amulet) Stlth
                     w - +6 ring of strength
HPRegen 0.29/turn    J - +6 ring of strength
MPRegen 0.11/turn

%: no passive effects
@: no status effects
A: sickness immunity, AC +6, negative energy resistance 1, electricity
resistance, torment resistance 1, petrification resistance
a: Renounce Religion, Potion Petition, Call Merchant, Bribe Branch


You were on level 8 of the Dungeon.
You worshipped Gozag.
Gozag was aware of your devotion.
You visited 2 branches of the dungeon, and saw 9 of its levels.

You collected 824 gold pieces.
You spent 232 gold pieces at shops.
You paid 135 gold pieces to Gozag.

Inventory:

Hand Weapons
 a - a +0 flail
 r - a +2 flail of holy wrath
 E - a +2 vampiric trident
 G - the +6 mace "Qaevei" (weapon) {vamp, rC+ Str+3 SInv}
   (You bought it in a shop on level 7 of the Dungeon)

   Str+3:     It affects your strength (+3).
   rC+:       It protects you from cold.
   SInv:      It lets you see invisible.
Armour
 b - a +0 scale mail
 c - a +0 buckler (worn)
 i - a +0 chain mail (worn)
 q - a +0 helmet (worn)
 t - a +0 kite shield
 F - a +0 cloak (worn)
Jewellery
 h - a +6 ring of dexterity
 l - a ring of resist corrosion
 w - a +6 ring of strength (left hand)
 J - a +6 ring of strength (right hand)
Talismans
 g - a flux talisman
Wands
 s - a wand of digging (5)
 I - a wand of paralysis (11)
Scrolls
 e - 4 scrolls of fear {unknown}
 f - 3 scrolls of teleportation {unknown}
 j - a scroll of revelation {unknown}
 k - 3 scrolls of butterflies {unknown}
 n - 2 scrolls of poison {unknown}
 o - 3 scrolls of identify {unknown}
 u - 2 scrolls of vulnerability {unknown}
 v - a scroll of fog {unknown}
 x - 3 scrolls of noise {unknown}
 y - a scroll of silence {unknown}
 A - 5 scrolls of amnesia {unknown}
 D - a scroll of blinking {unknown}
 H - a scroll of enchant weapon {unknown}
 K - 2 scrolls of immolation {unknown}
Potions
 d - 3 potions of lignification {unknown}
 m - a potion of ambrosia {unknown}
 p - 3 potions of brilliance {unknown}
 z - a potion of enlightenment {unknown}
 B - a potion of haste {unknown}
 C - a potion of degeneration {unknown}
 L - a potion of attraction {unknown}


   Skills:
 * Level 7.0 Fighting
 * Level 9.0 Maces & Flails
 + Level 0.1 Throwing
 + Level 6.4 Armour
 + Level 1.9 Dodging
 * Level 6.4 Shields


You had 8 spell levels left.
You didn't know any spells.
Your spell library contained the following spells:

 Spells                   Type           Power      Damage    Failure   Level
 Freeze                   Ice            0%         1d3       78%         1
 Slow                     Hex            0%         N/A       78%         1
 Static Discharge         Conj/Air       0%         3-3/arc   89%         2
 Confusing Touch          Hex            0%         N/A       98%         3
 Frozen Ramparts          Ice            0%         1d1       98%         3
 Hailstorm                Conj/Ice       0%         3d5       98%         3
 Mephitic Cloud           Conj/Alch/Air  0%         N/A       98%         3
 Sigil of Binding         Hex            0%         N/A       98%         3
 Stone Arrow              Conj/Erth      0%         3d7       98%         3
 Tukima's Dance           Hex            0%         N/A       98%         3
 Vampiric Draining        Necr           0%         2d6       98%         3
 Volatile Blastmotes      Fire/Tloc      0%         2d10      98%         3
 Animate Armour           Summ/Erth      0%         N/A       100%        4
 Fulminant Prism          Conj/Alch      0%         3d5       100%        4
 Iskenderun's Mystic Bla  Conj/Tloc      0%         2d3       100%        4
 Passage of Golubria      Tloc           0%         N/A       100%        4
 Yara's Violent Unravell  Hex/Alch       0%         3d3       100%        5
 Lehudib's Crystal Spear  Conj/Erth      0%         10d2      100%        8
 Chain Lightning          Conj/Air       0%         N/A       100%        9


Dungeon Overview and Level Annotations

Branches:
Dungeon (8/15)             Temple (1/1) D:4
   Lair: D:8-11

Altars:
Ashenzari
Cheibriados
Dithmenos
Elyvilon
Fedhas
Gozag
Hepliaklqana
Kikubaaqudgha
Makhleb
Nemelex Xobeh
Okawaru
Qazlal
Ru
Sif Muna
Trog
Wu Jian
Xom
Yredelemnul
Zin
The Shining One

Shops:
D:7 (((

Annotations:
D:3 1 runed translucent door, jkim05's ghost, amateur MiGl


Innate Abilities, Weirdness & Mutations

You are immune to sickness and miasma.
Your stone body is resilient. (AC +6)
You are immune to poison.
You resist negative energy. (rN+)
You are resistant to electric shocks. (rElec)
You are resistant to unholy torment.
You are immune to petrification.


Message History

You block the slime creature's attack.
You sock the steam dragon!
The steam dragon is heavily wounded.
The slime creature barely misses you. The steam dragon closely misses you.
The steam dragon claws you but does no damage.
A bullfrog comes into view.
You sock the steam dragon!
The steam dragon is almost dead.
The steam dragon breathes steam at you. The ball of steam hits you!
* * * LOW HITPOINT WARNING * * *
The slime creature hits you but does no damage.
You hear an angry buzzing noise.
You hear a shout! x2
You hear an angry buzzing noise.
You are too injured to fight recklessly!
You completely miss the steam dragon.
The steam dragon is almost dead.
You are engulfed in a cloud of scalding steam.
The steam dragon bites you but does no damage.
You block the steam dragon's attack. The slime creature closely misses you.
You closely miss the steam dragon.
The steam dragon is almost dead.
You are engulfed in a cloud of scalding steam.
* * * LOW HITPOINT WARNING * * *
The slime creature hits you.
* * * LOW HITPOINT WARNING * * *
The steam dragon bites you but does no damage.
The steam dragon claws you but does no damage.
You feel better. The slime creature closely misses you.
The steam dragon breathes steam at you. The ball of steam hits you!
* * * LOW HITPOINT WARNING * * *
You hear a howl!
You hear a shout! x2; You hear an angry buzzing noise.
A howler monkey comes into view.
You see here 17 gold pieces.
You barely miss the slime creature.
The slime creature is engulfed in a cloud of scalding steam.
The slime creature hits you!
You die...
Your body crumbles into a pile of gold.

#.# #.# #.#
###.# ###.#
####...## #...#
#####<.......
#.#.#
#.....##.####
#.##############
##.#(## ##.#.#
#@#D# ##J#.#
##h#.# #F#.#
#.#"# #.#.# #.#.
#.# #.


You could see a slime creature, a bullfrog and a howler monkey.

Vanquished Creatures
  A wyvern (D:7)
  2 water moccasins
  2 orc warriors
  Duvessa (D:5)
  An ice beast (D:5)
  2 black bears
  4 ogres
  A centaur (D:5)
  A bullfrog (D:6)
  2 gnoll sergeants
  3 scorpions
  A wight (D:8)
  Dowan (D:5)
  5 hounds
  3 sleepcaps
  3 iguanas
  9 orc wizards
  17 gnolls
  14 adders
  A shadow imp (D:7)
  2 dart slugs
  26 orcs
  7 ball pythons
  10 endoplasms
  3 giant cockroaches
  6 goblins
  5 hobgoblins
  5 jackals
  3 kobolds
  4 quokkas
  3 training dummies (D:7)
  A bat (D:2)
  A frilled lizard (D:3)
  5 rats
155 creatures vanquished.

Notes
Turn   | Place    | Note
-------+----------+-------------------------------------------
     0 | D:1      | Skitler the Gargoyle Fighter began the quest for the Orb.
     0 | D:1      | Reached XP level 1. HP: 14/14 MP: 1/1
   352 | D:1      | Reached XP level 2. HP: 19/19 MP: 2/2
   880 | D:2      | Reached XP level 3. HP: 17/24 MP: 3/3
  1081 | D:2      | Reached XP level 4. HP: 29/29 MP: 4/4
  1203 | D:2      | Got the Parchment of Harmful Obstruction
  1397 | D:2      | Reached skill level 3 in Maces & Flails
  1925 | D:3      | Reached XP level 5. HP: 32/33 MP: 5/5
  2250 | D:3      | Found a runed translucent door.
  2605 | D:3      | Noticed jkim05's ghost (amateur MiGl)
  2715 | D:4      | Found a staircase to the Ecumenical Temple.
  2721 | D:4      | Noticed a black bear
  2726 | Temple   | Entered the Ecumenical Temple
  2756 | D:4      | Killed a black bear
  2757 | D:4      | Reached skill level 4 in Maces & Flails
  2757 | D:4      | Reached XP level 6. HP: 24/38 MP: 6/6
  2908 | D:4      | Reached skill level 1 in Dodging
  3276 | D:4      | Reached skill level 5 in Maces & Flails
  3433 | D:4      | Reached XP level 7. HP: 44/44 MP: 7/7
  3725 | D:5      | Entered Level 5 of the Dungeon
  3725 | D:5      | Noticed Duvessa
  3725 | D:5      | Noticed Dowan
  3745 | D:5      | Killed Duvessa
  3753 | D:5      | Killed Dowan
  3866 | D:5      | Reached skill level 5 in Fighting
  3894 | D:5      | Reached skill level 5 in Armour
  3897 | D:5      | Reached skill level 5 in Shields
  3907 | D:5      | HP: 2/44 [centaur (2)]
  3911 | D:5      | Reached skill level 6 in Maces & Flails
  3911 | D:5      | Reached XP level 8. HP: 12/49 MP: 8/8
  4444 | D:5      | Reached skill level 7 in Maces & Flails
  5095 | D:6      | Found an iron altar of Okawaru.
  5137 | D:6      | HP: 1/51 [orc warrior/+0 hand axe (7)]
  5480 | D:6      | Reached skill level 8 in Maces & Flails
  5480 | D:6      | Reached XP level 9. HP: 44/55 MP: 9/9
  5537 | D:6      | Found a glowing silver altar of Zin.
  5537 | D:6      | Found an opulent altar of Gozag.
  5588 | D:6      | Became a worshipper of Gozag Ym Sagoz the Greedy
  6053 | D:6      | Found a stormy altar of Qazlal.
  6588 | D:7      | Found Astuih's Antique Weapon Boutique.
  6592 | D:7      | Found Kocwas's Firing Range.
  6596 | D:7      | Bought a crude mace for 232 gold pieces
  6596 | D:7      | Identified the +6 mace "Qaevei" {vamp, rC+ Str+3 SInv} (You
                  | bought it in a shop on level 7 of the Dungeon)
  6835 | D:7      | Found Exoip's Weapon Shoppe.
  6985 | D:7      | Reached skill level 9 in Maces & Flails
  7313 | D:8      | Slain by a slime creature

Illustrated notes

Levels and vault maps discovered:
D:1:      nicolae_arrival_memento_mori, layout_loops_ring, serial_forest,
          infiniplex_forest_lined_room_, infiniplex_forest_lined_2,
          infiniplex_forest_straight_4, infiniplex_forest_lined_corner,
          infiniplex_forest_lined_ring, infiniplex_forest_lined_corner,
          minivault_24, minmay_misc_feat_iff, minmay_misc_feat_pillars
D:2:      layout_loops_cross
D:3:      layout_basic, ebering_ghost_reflecting_pool
D:4:      layout_cave_pods, minmay_temple_entry_statues_pillars
D:5:      layout_rooms, uniq_duvessa
D:6:      layout_cave_pods, grunt_temple_overflow_gold_and_silver,
          mainiacjoe_overflow_alcove_1, kennysheep_okawaru_gauntlet,
          minmay_strange_pillars, kennysheep_generic_room_3
D:7:      layout_basic, serial_shops, nicolae_take_the_stairs, shop,
          minivault_10, nicolae_shop_firing_range
D:8:      minmay_imperfect_grid, layout_loops_ring, dancing_weapons_uskayaw,
          erik_lair_orcish_takeover, uniq_maggie
Temple:   nicolae_temple_superstar

Skill      XL: |  1  2  3  4  5  6  7  8  9 |
---------------+----------------------------+-----
Maces & Flails | 3 4 5 6 8 9 |  9.0
Shields        | 4 5 6 |  6.4
Fighting       | 4 5 7 |  7.0
Armour         | 4 5 6 |  6.4
Dodging        | 1 |  1.9
Throwing       | |  0.1

Action                     |  1- 3 |  4- 6 |  7- 9 || total
---------------------------+-------+-------+-------++-------
  Melee: Flail             |    89 |   161 |   239 ||   489
         Mace              |       |       |    88 ||    88
         Trident           |       |       |     3 ||     3
  Throw: Throwing net      |       |     3 |     2 ||     5
    Use: Potion            |       |     1 |     5 ||     6
 Armour: Scale mail        |    70 |   109 |   166 ||   345
         Chain mail        |       |       |   165 ||   165
  Dodge: Dodged            |    58 |    78 |   169 ||   305
  Block: Buckler           |    24 |    44 |    94 ||   162
